[Event "EYCC Open U20 2021"]
[Site "Tornelo"]
[Date "2021.10.15"]
[Round "9.8"]
[White "Kalogridis, Antonios"]
[Black "Pliukha, Myhajlo"]
[Result "1-0"]
[ECO "E48"]
[WhiteElo "2275"]
[BlackElo "2217"]
[Annotator "ChessBase"]
[PlyCount "111"]
[EventDate "2021.10.15"]
[EventType "swiss"]
[EventCountry "NET"]
[SourceTitle "playchess.com"]
[Source "ChessBase"]
[SourceQuality "1"]
[TimeControl "5400+30"]

1. d4 Nf6 2. c4 e6 3. Nc3 Bb4 4. e3 O-O 5. Bd3 Re8 6. Nge2 d5 7. O-O b6 8. Ng3 dxc4 9. Bxc4 Bb7 10. Qe2 Nbd7 11. Rd1 Qe7 12. e4 c5 13. e5 Nd5 14. Nce4 cxd4 15. a3 Bc5 16. b4 Nxe5 17. bxc5 bxc5 18. Bxd5 exd5 19. Nf5 Qe6 20. Neg3 Ba6 21. Qc2 Bd3 22. Rxd3 Nxd3 23. Qxd3 Qe1+ 24. Nf1 Qc3 25. Qxc3 dxc3 26. Bf4 Re4 27. Bd6 d4 28. Bxc5 d3 29. Bb4 Rc4 30. N1e3 a5 31. Nxc4 axb4 32. Ne7+ Kf8 33. Nd5 b3 34. Nxc3 Rc8 35. Nd2 Rxc3 36. Rb1 Ke7 37. Nxb3 Ke6 38. a4 Kd5 39. a5 Kc4 40. Nd2+ Kd4 41. Ra1 Rc8 42. a6 Ra8 43. a7 Kc3 44. Ra2 f5 45. f4 h6 46. h4 g6 47. Kf2 h5 48. g3 Kd4 49. Ra3 Kc5 50. Ke3 Kb4 51. Rb3+ Kc5 52. Rb7 Kc6 53. Rg7 Rd8 54. Rxg6+ Kc5 55. Ra6 Ra8 56. Kxd3 1-0